[ PARTIDA AOE2 · #469953560 ]
UnrankedFrancos vs Shu
[ ANÁLISIS DE REPETICIÓN · EXTRAÍDO DE LA PARTIDA GRABADA ]
Feudal
9:00
Castillos
21:48
Imperial
—
| APM promedio | 48.8 |
| APM pico | 112 |
| eAPM promedio | 12.1 |
| Aldeanos / militares | 60 / 21 |
Foco
⚔️ 21.9% · 🌾 78.1%
Knight ×15 · Scout Cavalry ×6
Feudal
9:54
Castillos
23:31
Imperial
—
| APM promedio | 37.4 |
| APM pico | 70 |
| eAPM promedio | 20.4 |
| Aldeanos / militares | 45 / 37 |
Foco
⚔️ 54.3% · 🌾 45.7%
Archer ×34 · Spearman ×3
Feudal
8:50
Castillos
24:38
Imperial
—
| APM promedio | 42.1 |
| APM pico | 93 |
| eAPM promedio | 16.0 |
| Aldeanos / militares | 50 / 25 |
Foco
⚔️ 27.5% · 🌾 72.5%
Scout Cavalry ×16 · Knight ×9
Feudal
8:53
Castillos
23:27
Imperial
—
| APM promedio | 97.5 |
| APM pico | 180 |
| eAPM promedio | 54.6 |
| Aldeanos / militares | 56 / 67 |
Foco
⚔️ 67.3% · 🌾 32.7%
Archer ×66 · Spearman ×1
Mapa de la partida
Recursos iniciales + cada clic de construcción. Líneas = muros · curvas = relieve. ◆ oro · ⬟ piedra · ● bayas · ✦ reliquia · ◌ hueco del cierre
Tu base· ✓ Cerrada en 21:48 · 58t muro · sin puerta
Base de MG_Dürüm· ✓ Cerrada en 23:31 · 65t muro · sin puerta
Base de Ahkuna· ✓ Cerrada en 24:38 · 42t muro · 1 puerta(s)
Base de quadsflopper· ✓ Cerrada en 23:27 · 48t muro · 1 puerta(s)
Terreno inicial suavizado · ◌ = hueco del cierre detectado · pasá el cursor para detalles
Inputs por minuto
— redneckchemist - - MG_Dürüm
Build order — redneckchemist
150 acciones detectadas en el replay
| 0:01 | Crear | Villager (Male) |
| 0:01 | Crear | Villager (Male) |
| 0:01 | Crear | Villager (Male) |
| 0:02 | Crear | Villager (Male) |
| 0:03 | Construir | House |
| 0:04 | Construir | House |
| 1:28 | Crear | Villager (Male) |
| 1:28 | Crear | Villager (Male) |
| 2:00 | Construir | Lumber Camp |
| 2:00 | Crear | Villager (Male) |
| 2:01 | Crear | Villager (Male) |
| 2:22 | Crear | Villager (Male) |
| 2:22 | Crear | Villager (Male) |
| 2:49 | Crear | Villager (Male) |
| 3:01 | Crear | Villager (Male) |
| 3:25 | Construir | House |
| 3:35 | Crear | Villager (Male) |
| 3:35 | Crear | Villager (Male) |
| 4:00 | Construir | Mill |
| 4:10 | Crear | Villager (Male) |
| 4:10 | Crear | Villager (Male) |
| 4:29 | Crear | Villager (Male) |
| 4:29 | Crear | Villager (Male) |
| 4:34 | Crear | Villager (Male) |
| 5:20 | Crear | Villager (Male) |
| 5:20 | Crear | Villager (Male) |
| 5:20 | Crear | Villager (Male) |
| 6:04 | Investigar | Loom |
| 6:50 | Investigar | Feudal Age |
| 7:51 | Construir | Barracks |
| 8:24 | Crear | Villager (Male) |
| 8:27 | Crear | Villager (Male) |
| 8:35 | Construir | House |
| 8:38 | Construir | House |
| 9:00 | Edad | Edad Feudal |
| 9:10 | Construir | Stable |
| 9:27 | Investigar | Double-Bit Axe |
| 9:29 | Crear | Villager (Male) |
| 9:55 | Construir | Palisade Wall |
| 10:00 | Construir | Palisade Wall |
| 10:04 | Crear | Scout Cavalry |
| 10:04 | Crear | Scout Cavalry |
| 10:05 | Crear | Scout Cavalry |
| 10:06 | Crear | Villager (Male) |
| 10:13 | Construir | Palisade Wall |
| 10:14 | Crear | Villager (Male) |
| 10:20 | Construir | Farm |
| 10:42 | Construir | Farm |
| 10:48 | Construir | Palisade Wall |
| 10:55 | Crear | Villager (Male) |
| 11:02 | Construir | Farm |
| 11:21 | Construir | Palisade Wall |
| 11:22 | Crear | Villager (Male) |
| 11:25 | Construir | Palisade Wall |
| 11:31 | Crear | Scout Cavalry |
| 11:32 | Crear | Villager (Male) |
| 11:43 | Crear | Villager (Male) |
| 12:13 | Construir | House |
| 12:17 | Construir | House |
| 12:45 | Construir | House |
| 12:46 | Construir | Palisade Wall |
| 12:48 | Crear | Villager (Male) |
| 12:48 | Crear | Villager (Male) |
| 12:53 | Construir | Palisade Wall |
| 13:00 | Construir | Farm |
| 13:00 | Construir | Farm |
| 13:01 | Crear | Villager (Male) |
| 13:02 | Crear | Villager (Male) |
| 13:04 | Construir | Farm |
| 13:09 | Construir | Farm |
| 13:11 | Crear | Scout Cavalry |
| 13:11 | Crear | Scout Cavalry |
| 14:22 | Construir | Farm |
| 14:22 | Construir | Farm |
| 14:22 | Construir | Farm |
| 14:23 | Construir | Farm |
| 14:27 | Construir | Farm |
| 14:28 | Crear | Villager (Male) |
| 14:32 | Construir | Farm |
| 14:35 | Construir | Farm |
| 14:36 | Construir | Farm |
| 15:31 | Crear | Villager (Male) |
| 15:54 | Construir | Farm |
| 15:55 | Construir | Farm |
| 15:58 | Crear | Villager (Male) |
| 16:04 | Construir | Mining Camp |
| 16:07 | Construir | Farm |
| 16:08 | Construir | Farm |
| 16:14 | Construir | Farm |
| 16:19 | Construir | Farm |
| 16:28 | Construir | House |
| 16:29 | Construir | House |
| 16:31 | Construir | House |
| 16:36 | Crear | Villager (Male) |
| 16:36 | Crear | Villager (Male) |
| 16:36 | Crear | Villager (Male) |
| 16:44 | Construir | Farm |
| 17:02 | Construir | House |
| 17:03 | Construir | House |
| 18:17 | Crear | Villager (Male) |
| 18:17 | Crear | Villager (Male) |
| 18:26 | Construir | Blacksmith |
| 19:08 | Investigar | Castle Age |
| 19:26 | Construir | Farm |
| 19:27 | Construir | Farm |
| 19:34 | Investigar | Scale Barding Armor |
| 19:57 | Construir | Stable |
| 21:23 | Investigar | Forging |
| 21:37 | Crear | Villager (Male) |
| 21:48 | Edad | Edad de los Castillos |
| 21:49 | Crear | Knight |
| 21:49 | Crear | Knight |
| 21:50 | Crear | Knight |
| 21:50 | Crear | Knight |
| 21:50 | Crear | Knight |
| 21:50 | Crear | Knight |
| 21:51 | Crear | Knight |
| 21:52 | Crear | Villager (Male) |
| 21:58 | Construir | Town Center |
| 22:31 | Investigar | Chain Barding Armor |
| 23:07 | Construir | House |
| 23:09 | Construir | House |
| 23:10 | Construir | House |
| 23:10 | Construir | House |
| 23:12 | Crear | Villager (Male) |
| 23:12 | Crear | Villager (Male) |
| 23:32 | Crear | Knight |
| 23:33 | Crear | Knight |
| 23:37 | Crear | Villager (Male) |
| 23:37 | Crear | Villager (Male) |
| 23:42 | Crear | Villager (Male) |
| 23:42 | Crear | Villager (Male) |
| 23:42 | Crear | Villager (Male) |
| 23:46 | Construir | Farm |
| 23:47 | Construir | Farm |
| 24:15 | Construir | Farm |
| 24:17 | Crear | Villager (Male) |
| 24:18 | Crear | Villager (Male) |
| 24:18 | Crear | Villager (Male) |
| 24:38 | Crear | Knight |
| 24:38 | Crear | Knight |
| 24:39 | Crear | Knight |
| 24:39 | Crear | Knight |
| 24:40 | Crear | Villager (Male) |
| 24:40 | Crear | Villager (Male) |
| 24:40 | Crear | Villager (Male) |
| 25:09 | Crear | Villager (Male) |
| 25:09 | Crear | Villager (Male) |
| 25:12 | Crear | Knight |
| 25:12 | Crear | Knight |
Build order — MG_Dürüm
Primeras 150 de 162 acciones detectadas
| 0:01 | Crear | Villager (Male) |
| 0:02 | Crear | Villager (Male) |
| 0:02 | Crear | Villager (Male) |
| 0:03 | Construir | House |
| 0:10 | Construir | House |
| 0:22 | Crear | Villager (Male) |
| 1:33 | Crear | Villager (Male) |
| 1:57 | Construir | Lumber Camp |
| 2:07 | Crear | Villager (Male) |
| 2:24 | Crear | Villager (Male) |
| 3:05 | Crear | Villager (Male) |
| 3:13 | Crear | Villager (Male) |
| 3:33 | Construir | House |
| 3:48 | Crear | Villager (Male) |
| 4:12 | Crear | Villager (Male) |
| 4:13 | Crear | Villager (Male) |
| 5:02 | Crear | Villager (Male) |
| 5:02 | Crear | Villager (Male) |
| 5:02 | Crear | Villager (Male) |
| 5:16 | Crear | Villager (Male) |
| 5:43 | Construir | House |
| 6:16 | Construir | Mining Camp |
| 6:46 | Investigar | Loom |
| 7:19 | Crear | Villager (Male) |
| 7:25 | Investigar | Feudal Age |
| 7:30 | Construir | Barracks |
| 8:09 | Construir | Lumber Camp |
| 8:31 | Construir | House |
| 8:58 | Crear | Villager (Male) |
| 9:09 | Construir | House |
| 9:44 | Construir | Palisade Wall |
| 9:54 | Edad | Edad Feudal |
| 9:56 | Construir | Archery Range |
| 9:58 | Construir | Archery Range |
| 10:02 | Crear | Spearman |
| 10:06 | Investigar | Double-Bit Axe |
| 10:26 | Crear | Villager (Male) |
| 10:26 | Crear | Villager (Male) |
| 10:46 | Construir | House |
| 10:55 | Crear | Villager (Male) |
| 11:06 | Construir | Blacksmith |
| 11:10 | Crear | Archer ×4 |
| 11:20 | Construir | House |
| 11:22 | Crear | Villager (Male) |
| 11:31 | Construir | House |
| 11:32 | Construir | House |
| 11:50 | Crear | Archer |
| 11:57 | Construir | Palisade Wall |
| 11:58 | Construir | Palisade Wall |
| 12:01 | Crear | Villager (Male) |
| 12:01 | Crear | Villager (Male) |
| 12:09 | Construir | House |
| 12:16 | Crear | Spearman |
| 12:22 | Construir | Palisade Wall |
| 12:23 | Construir | Palisade Wall |
| 12:32 | Crear | Archer |
| 12:32 | Crear | Archer |
| 12:41 | Construir | Palisade Wall |
| 12:46 | Crear | Villager (Male) |
| 12:54 | Construir | Mill |
| 13:02 | Construir | House |
| 13:08 | Construir | Palisade Wall |
| 13:11 | Crear | Villager (Male) |
| 13:18 | Construir | Palisade Wall |
| 13:20 | Crear | Archer |
| 13:20 | Crear | Archer |
| 13:36 | Construir | Palisade Wall |
| 13:39 | Construir | Palisade Wall |
| 13:45 | Crear | Spearman |
| 13:48 | Construir | House |
| 13:51 | Construir | House |
| 13:55 | Crear | Villager (Male) |
| 14:03 | Crear | Archer |
| 14:17 | Construir | Palisade Wall |
| 14:19 | Construir | Palisade Wall |
| 14:21 | Construir | Palisade Wall |
| 14:24 | Crear | Villager (Male) |
| 14:35 | Construir | Farm |
| 14:36 | Construir | Farm |
| 14:40 | Construir | Farm |
| 14:50 | Crear | Archer |
| 15:00 | Construir | Farm |
| 15:01 | Construir | Farm |
| 15:03 | Crear | Villager (Male) |
| 15:17 | Construir | Market |
| 15:32 | Construir | Palisade Wall |
| 15:38 | Construir | Farm |
| 15:40 | Construir | Farm |
| 15:41 | Construir | Farm |
| 15:48 | Construir | Farm |
| 15:53 | Construir | Farm |
| 15:54 | Crear | Villager (Male) |
| 15:55 | Crear | Villager (Male) |
| 15:55 | Crear | Villager (Male) |
| 16:14 | Crear | Villager (Male) |
| 16:17 | Crear | Archer |
| 16:17 | Crear | Archer |
| 16:40 | Investigar | Padded Archer Armor |
| 16:46 | Investigar | Fletching |
| 16:49 | Construir | Farm |
| 16:50 | Construir | Farm |
| 17:04 | Crear | Villager (Male) |
| 17:11 | Construir | House |
| 17:14 | Construir | Palisade Wall |
| 17:17 | Construir | Palisade Wall |
| 17:19 | Construir | Palisade Wall |
| 17:21 | Construir | Palisade Wall |
| 17:25 | Crear | Villager (Male) |
| 17:26 | Crear | Villager (Male) |
| 17:26 | Crear | Villager (Male) |
| 17:41 | Construir | Farm |
| 17:51 | Construir | Farm |
| 17:51 | Construir | Farm |
| 17:51 | Construir | Farm |
| 18:10 | Crear | Villager (Male) |
| 18:12 | Construir | Farm |
| 18:14 | Construir | Farm |
| 18:23 | Crear | Villager (Male) |
| 18:26 | Crear | Archer |
| 18:26 | Crear | Archer |
| 18:44 | Investigar | Padded Archer Armor |
| 19:07 | Construir | Farm |
| 19:08 | Construir | Farm |
| 19:34 | Crear | Archer |
| 19:34 | Crear | Archer |
| 19:35 | Crear | Archer |
| 19:35 | Crear | Villager (Male) |
| 19:36 | Crear | Villager (Male) |
| 20:04 | Crear | Villager (Male) |
| 20:05 | Crear | Villager (Male) |
| 20:42 | Investigar | Castle Age |
| 20:45 | Construir | Archery Range |
| 20:46 | Construir | Archery Range |
| 21:14 | Investigar | Gold Mining |
| 21:19 | Investigar | Horse Collar |
| 21:24 | Construir | Palisade Wall |
| 21:58 | Crear | Archer ×5 |
| 22:14 | Construir | House |
| 22:15 | Construir | House |
| 22:16 | Construir | House |
| 22:22 | Construir | House |
| 22:23 | Construir | House |
| 22:24 | Construir | House |
| 22:32 | Crear | Archer ×2 |
| 23:14 | Construir | House |
| 23:16 | Construir | House |
| 23:16 | Construir | House |
| 23:19 | Construir | Palisade Wall |
| 23:27 | Crear | Archer |
| 23:27 | Crear | Archer |
Build order — Ahkuna
Primeras 150 de 157 acciones detectadas
| 0:00 | Crear | Villager (Male) |
| 0:01 | Crear | Villager (Male) |
| 0:01 | Crear | Villager (Male) |
| 0:01 | Crear | Villager (Male) |
| 0:01 | Crear | Villager (Male) |
| 0:03 | Construir | House |
| 0:05 | Construir | House |
| 1:34 | Crear | Villager (Male) |
| 1:43 | Construir | Lumber Camp |
| 2:01 | Crear | Villager (Male) |
| 2:16 | Crear | Villager (Male) |
| 2:49 | Construir | House |
| 3:06 | Crear | Villager (Male) |
| 3:23 | Crear | Villager (Male) |
| 3:25 | Crear | Villager (Male) |
| 3:48 | Crear | Villager (Male) |
| 4:04 | Crear | Villager (Male) |
| 4:31 | Construir | Mill |
| 4:48 | Crear | Villager (Male) |
| 4:51 | Crear | Villager (Male) |
| 5:21 | Crear | Villager (Male) |
| 5:48 | Investigar | Loom |
| 6:39 | Investigar | Feudal Age |
| 7:26 | Construir | House |
| 7:33 | Construir | Barracks |
| 8:03 | Crear | Villager (Male) |
| 8:03 | Crear | Villager (Male) |
| 8:42 | Construir | House |
| 8:50 | Edad | Edad Feudal |
| 9:10 | Construir | Stable |
| 9:24 | Crear | Villager (Male) |
| 9:42 | Investigar | Double-Bit Axe |
| 9:42 | Investigar | Horse Collar |
| 9:49 | Construir | Palisade Gate |
| 9:51 | Construir | House |
| 9:59 | Crear | Scout Cavalry |
| 10:01 | Crear | Villager (Male) |
| 10:17 | Construir | House |
| 10:18 | Construir | House |
| 10:21 | Construir | Palisade Wall |
| 10:32 | Crear | Villager (Male) |
| 10:34 | Crear | Scout Cavalry |
| 10:34 | Crear | Scout Cavalry |
| 10:38 | Construir | Farm |
| 10:40 | Crear | Villager (Male) |
| 10:43 | Construir | Blacksmith |
| 11:03 | Construir | Farm |
| 11:06 | Construir | House |
| 11:11 | Construir | Palisade Wall |
| 11:15 | Construir | Palisade Wall |
| 11:18 | Crear | Villager (Male) |
| 11:28 | Construir | Farm |
| 11:29 | Crear | Villager (Male) |
| 11:31 | Crear | Scout Cavalry |
| 11:47 | Construir | Farm |
| 12:03 | Construir | House |
| 12:05 | Construir | House |
| 12:07 | Crear | Villager (Male) |
| 12:08 | Crear | Scout Cavalry |
| 12:27 | Construir | Palisade Wall |
| 12:31 | Crear | Villager (Male) |
| 12:32 | Crear | Villager (Male) |
| 12:34 | Construir | Farm |
| 12:42 | Construir | Farm |
| 12:52 | Construir | House |
| 12:53 | Construir | House |
| 12:58 | Crear | Villager (Male) |
| 13:05 | Construir | Farm |
| 13:13 | Crear | Scout Cavalry |
| 13:19 | Construir | Farm |
| 13:26 | Construir | House |
| 13:27 | Construir | House |
| 13:37 | Construir | Farm |
| 13:42 | Construir | House |
| 13:44 | Crear | Scout Cavalry |
| 13:53 | Construir | Farm |
| 13:53 | Crear | Villager (Male) |
| 13:54 | Crear | Villager (Male) |
| 14:14 | Construir | House |
| 14:20 | Crear | Villager (Male) |
| 14:23 | Construir | Palisade Wall |
| 14:34 | Investigar | Scale Barding Armor |
| 14:42 | Construir | Palisade Wall |
| 14:47 | Construir | Farm |
| 14:49 | Construir | Farm |
| 14:59 | Crear | Villager (Male) |
| 14:59 | Crear | Villager (Male) |
| 15:15 | Crear | Scout Cavalry |
| 15:20 | Crear | Villager (Male) |
| 15:22 | Construir | Farm |
| 15:30 | Construir | Farm |
| 15:39 | Crear | Villager (Male) |
| 15:41 | Construir | Farm |
| 15:54 | Construir | Mining Camp |
| 15:58 | Construir | Palisade Wall |
| 16:02 | Crear | Villager (Male) |
| 16:03 | Crear | Scout Cavalry |
| 16:12 | Construir | Farm |
| 16:22 | Construir | Farm |
| 16:25 | Crear | Scout Cavalry |
| 16:39 | Crear | Scout Cavalry |
| 16:40 | Crear | Scout Cavalry |
| 16:40 | Crear | Scout Cavalry |
| 16:49 | Construir | Farm |
| 17:11 | Construir | Watch Tower |
| 17:18 | Crear | Scout Cavalry |
| 17:20 | Crear | Villager (Male) |
| 17:23 | Construir | Farm |
| 17:53 | Crear | Scout Cavalry |
| 17:56 | Construir | House |
| 17:58 | Construir | House |
| 18:18 | Construir | Farm |
| 18:19 | Crear | Villager (Male) |
| 18:19 | Crear | Villager (Male) |
| 18:20 | Crear | Villager (Male) |
| 18:24 | Construir | Farm |
| 18:43 | Construir | House |
| 19:01 | Crear | Villager (Male) |
| 19:01 | Crear | Villager (Male) |
| 19:01 | Crear | Villager (Male) |
| 19:02 | Crear | Villager (Male) |
| 19:21 | Crear | Scout Cavalry |
| 19:23 | Construir | Palisade Wall |
| 19:33 | Construir | Farm |
| 20:06 | Construir | Palisade Wall |
| 20:25 | Construir | Lumber Camp |
| 20:51 | Construir | Market |
| 20:58 | Crear | Villager (Male) |
| 21:11 | Crear | Villager (Male) |
| 21:28 | Construir | House |
| 21:43 | Construir | Mining Camp |
| 21:47 | Crear | Villager (Male) |
| 22:13 | Investigar | Castle Age |
| 22:29 | Construir | Stable |
| 22:52 | Construir | Stable |
| 22:56 | Investigar | Bloodlines |
| 23:11 | Investigar | Forging |
| 23:11 | Investigar | Forging |
| 23:46 | Investigar | Gold Mining |
| 23:52 | Construir | Farm |
| 24:09 | Crear | Villager (Male) |
| 24:09 | Crear | Villager (Male) |
| 24:21 | Construir | Farm |
| 24:38 | Edad | Edad de los Castillos |
| 24:41 | Crear | Knight |
| 24:41 | Crear | Knight |
| 24:41 | Crear | Knight |
| 24:45 | Investigar | Chain Barding Armor |
| 24:46 | Investigar | Chain Barding Armor |
| 24:59 | Construir | Town Center |
Build order — quadsflopper
Primeras 150 de 204 acciones detectadas
| 0:01 | Crear | Villager (Male) |
| 0:01 | Crear | Villager (Male) |
| 0:01 | Crear | Villager (Male) |
| 0:02 | Crear | Villager (Male) |
| 0:02 | Crear | Villager (Male) |
| 0:02 | Construir | House |
| 0:04 | Construir | House |
| 1:31 | Crear | Villager (Male) |
| 1:31 | Crear | Villager (Male) |
| 1:31 | Crear | Villager (Male) |
| 1:54 | Construir | Lumber Camp |
| 2:06 | Crear | Villager (Male) |
| 2:06 | Crear | Villager (Male) |
| 2:19 | Crear | Villager (Male) |
| 2:19 | Crear | Villager (Male) |
| 2:47 | Crear | Villager (Male) |
| 2:47 | Crear | Villager (Male) |
| 3:04 | Crear | Villager (Male) |
| 3:04 | Crear | Villager (Male) |
| 3:39 | Crear | Villager (Male) |
| 3:39 | Crear | Villager (Male) |
| 3:51 | Construir | House |
| 3:59 | Crear | Villager (Male) |
| 3:59 | Crear | Villager (Male) |
| 4:33 | Crear | Villager (Male) |
| 4:35 | Crear | Villager (Male) |
| 4:35 | Crear | Villager (Male) |
| 5:01 | Crear | Villager (Male) |
| 5:03 | Crear | Villager (Male) |
| 5:03 | Crear | Villager (Male) |
| 5:06 | Construir | Mining Camp |
| 5:29 | Investigar | Loom |
| 5:29 | Investigar | Loom |
| 6:43 | Investigar | Feudal Age |
| 6:43 | Investigar | Feudal Age |
| 7:48 | Construir | House |
| 7:51 | Construir | House |
| 8:06 | Construir | Barracks |
| 8:13 | Crear | Villager (Male) |
| 8:53 | Edad | Edad Feudal |
| 9:00 | Construir | Archery Range |
| 9:01 | Construir | Archery Range |
| 9:17 | Crear | Villager (Male) |
| 9:29 | Crear | Villager (Male) |
| 9:35 | Construir | Palisade Wall |
| 9:36 | Construir | Palisade Wall |
| 9:42 | Construir | House |
| 9:45 | Construir | Palisade Wall |
| 9:45 | Crear | Villager (Male) |
| 9:47 | Crear | Archer |
| 10:02 | Construir | House |
| 10:05 | Construir | Palisade Wall |
| 10:08 | Construir | House |
| 10:09 | Crear | Villager (Male) |
| 10:12 | Crear | Archer |
| 10:12 | Crear | Archer |
| 10:13 | Crear | Villager (Male) |
| 10:44 | Crear | Villager (Male) |
| 10:50 | Crear | Archer |
| 10:51 | Crear | Archer |
| 10:55 | Construir | House |
| 10:57 | Construir | Palisade Wall |
| 11:03 | Crear | Archer |
| 11:04 | Crear | Archer |
| 11:09 | Construir | Mill |
| 11:10 | Crear | Villager (Male) |
| 11:19 | Crear | Archer |
| 11:27 | Crear | Spearman |
| 11:29 | Crear | Villager (Male) |
| 11:35 | Construir | House |
| 11:44 | Construir | Palisade Wall |
| 11:46 | Construir | Palisade Wall |
| 11:56 | Construir | Palisade Wall |
| 11:56 | Construir | Palisade Wall |
| 12:00 | Crear | Archer |
| 12:04 | Crear | Villager (Male) |
| 12:12 | Crear | Archer |
| 12:12 | Crear | Archer |
| 12:13 | Crear | Villager (Male) |
| 12:31 | Crear | Archer |
| 12:50 | Crear | Villager (Male) |
| 12:57 | Construir | Blacksmith |
| 13:01 | Crear | Archer |
| 13:15 | Crear | Villager (Male) |
| 13:16 | Crear | Archer |
| 13:19 | Crear | Archer |
| 13:35 | Crear | Villager (Male) |
| 13:42 | Crear | Archer |
| 13:42 | Crear | Archer |
| 13:50 | Construir | House |
| 14:09 | Crear | Villager (Male) |
| 14:09 | Crear | Archer |
| 14:10 | Investigar | Fletching |
| 14:11 | Investigar | Fletching |
| 14:16 | Construir | Farm |
| 14:17 | Construir | Farm |
| 14:26 | Construir | Farm |
| 14:31 | Crear | Archer |
| 14:32 | Crear | Archer |
| 14:41 | Investigar | Double-Bit Axe |
| 14:41 | Investigar | Double-Bit Axe |
| 15:02 | Crear | Archer |
| 15:02 | Crear | Archer |
| 15:08 | Construir | House |
| 15:23 | Crear | Archer |
| 15:24 | Crear | Archer |
| 15:32 | Crear | Archer |
| 15:34 | Crear | Villager (Male) |
| 15:36 | Crear | Archer |
| 15:46 | Crear | Villager (Male) |
| 15:50 | Construir | Farm |
| 15:51 | Construir | Farm |
| 15:55 | Crear | Archer |
| 16:02 | Crear | Villager (Male) |
| 16:04 | Construir | House |
| 16:05 | Construir | House |
| 16:12 | Construir | House |
| 16:15 | Construir | House |
| 16:24 | Crear | Villager (Male) |
| 16:26 | Construir | Farm |
| 16:36 | Crear | Archer |
| 17:10 | Crear | Villager (Male) |
| 17:11 | Crear | Archer |
| 17:15 | Construir | Farm |
| 17:15 | Construir | Farm |
| 17:16 | Crear | Archer |
| 17:16 | Crear | Archer |
| 17:31 | Construir | Farm |
| 17:34 | Crear | Villager (Male) |
| 17:38 | Crear | Villager (Male) |
| 17:39 | Crear | Archer |
| 18:04 | Crear | Archer |
| 18:11 | Crear | Villager (Male) |
| 18:14 | Construir | Farm |
| 18:15 | Construir | Farm |
| 18:20 | Crear | Archer |
| 18:20 | Crear | Archer |
| 18:32 | Crear | Villager (Male) |
| 18:33 | Crear | Archer |
| 18:57 | Crear | Archer |
| 19:12 | Crear | Archer |
| 19:12 | Crear | Archer |
| 19:28 | Crear | Villager (Male) |
| 19:30 | Construir | Farm |
| 19:30 | Construir | Farm |
| 19:30 | Construir | Farm |
| 19:31 | Construir | Farm |
| 19:35 | Crear | Archer |
| 19:35 | Crear | Archer |
| 20:00 | Construir | Lumber Camp |
Cronología de la partida
| 7:30 | MG_Dürüm · first_building Barracks |
| 7:33 | Ahkuna · first_building Barracks |
| 7:51 | redneckchemist · first_building Barracks |
| 8:06 | quadsflopper · first_building Barracks |
| 8:50 | Ahkuna · age_up feudal |
| 8:53 | quadsflopper · age_up feudal |
| 9:00 | quadsflopper · first_building Archery Range |
| 9:00 | redneckchemist · age_up feudal |
| 9:10 | redneckchemist · first_building Stable |
| 9:10 | Ahkuna · first_building Stable |
| 9:35 | quadsflopper · wall_segment Palisade Wall x1 |
| 9:36 | quadsflopper · wall_segment Palisade Wall x1 |
| 9:44 | MG_Dürüm · wall_segment Palisade Wall x4 |
| 9:45 | quadsflopper · wall_segment Palisade Wall x8 |
| 9:54 | MG_Dürüm · age_up feudal |
| 9:55 | redneckchemist · wall_segment Palisade Wall x7 |
| 9:56 | MG_Dürüm · first_building Archery Range |
| 10:00 | redneckchemist · wall_segment Palisade Wall x6 |
| 10:05 | quadsflopper · wall_segment Palisade Wall x8 |
| 10:13 | redneckchemist · wall_segment Palisade Wall x8 |
| 10:21 | Ahkuna · wall_segment Palisade Wall x6 |
| 10:48 | redneckchemist · wall_segment Palisade Wall x5 |
| 10:57 | quadsflopper · wall_segment Palisade Wall x14 |
| 11:11 | Ahkuna · wall_segment Palisade Wall x5 |
| 11:15 | Ahkuna · wall_segment Palisade Wall x3 |
| 11:21 | redneckchemist · wall_segment Palisade Wall x6 |
| 11:25 | redneckchemist · wall_segment Palisade Wall x5 |
| 11:44 | quadsflopper · wall_segment Palisade Wall x5 |
| 11:46 | quadsflopper · wall_segment Palisade Wall x4 |
| 11:56 | quadsflopper · wall_segment Palisade Wall x7 |
| 11:56 | quadsflopper · wall_segment Palisade Wall x2 |
| 11:57 | MG_Dürüm · wall_segment Palisade Wall x1 |
| 11:58 | MG_Dürüm · wall_segment Palisade Wall x1 |
| 12:22 | MG_Dürüm · wall_segment Palisade Wall x1 |
| 12:23 | MG_Dürüm · wall_segment Palisade Wall x1 |
| 12:27 | Ahkuna · wall_segment Palisade Wall x6 |
| 12:41 | MG_Dürüm · wall_segment Palisade Wall x4 |
| 12:46 | redneckchemist · wall_segment Palisade Wall x8 |
| 12:53 | redneckchemist · wall_segment Palisade Wall x13 |
| 13:08 | MG_Dürüm · wall_segment Palisade Wall x8 |
| 13:18 | MG_Dürüm · wall_segment Palisade Wall x3 |
| 13:36 | MG_Dürüm · wall_segment Palisade Wall x1 |
| 13:39 | MG_Dürüm · wall_segment Palisade Wall x1 |
| 14:17 | MG_Dürüm · wall_segment Palisade Wall x1 |
| 14:19 | MG_Dürüm · wall_segment Palisade Wall x1 |
| 14:21 | MG_Dürüm · wall_segment Palisade Wall x1 |
| 14:23 | Ahkuna · wall_segment Palisade Wall x9 |
| 14:42 | Ahkuna · wall_segment Palisade Wall x1 |
| 15:32 | MG_Dürüm · wall_segment Palisade Wall x4 |
| 15:58 | Ahkuna · wall_segment Palisade Wall x12 |
| 17:14 | MG_Dürüm · wall_segment Palisade Wall x7 |
| 17:17 | MG_Dürüm · wall_segment Palisade Wall x8 |
| 17:19 | MG_Dürüm · wall_segment Palisade Wall x8 |
| 17:21 | MG_Dürüm · wall_segment Palisade Wall x7 |
| 19:23 | Ahkuna · wall_segment Palisade Wall x1 |
| 20:06 | Ahkuna · wall_segment Palisade Wall x1 |
| 20:35 | MG_Dürüm · first_market_sell 500 wood |
| 20:36 | MG_Dürüm · first_market_buy 100 food |
| 21:24 | MG_Dürüm · wall_segment Palisade Wall x3 |
| 21:48 | redneckchemist · age_up castle |
| 23:19 | MG_Dürüm · wall_segment Palisade Wall x4 |
| 23:27 | quadsflopper · age_up castle |
| 23:31 | MG_Dürüm · age_up castle |
| 24:17 | MG_Dürüm · wall_segment Palisade Wall x1 |
| 24:38 | Ahkuna · age_up castle |
| 25:42 | MG_Dürüm · resign |
[ ANÁLISIS IA · 1 CRÉDITO ]
¿Qué pasó realmente en esta partida?
Wolo.gg analiza cada decisión: build order, eco, micro, errores típicos por bracket. Análisis personalizado por WhatsApp o Discord en 30 segundos.
Guía civ
Francos
Perfil
Jugador #239048